 Dungeon Crawl Stone Soup version 0.26-a0-1213-gd52f5182fe (webtiles) character file.

Game seed: 15099444164490262092

179 DocSulfur the Changer (level 5, -3/37 HPs)
             Began as a Merfolk Transmuter on Dec 30, 2020.
             Slain by Joseph
             ... wielding a cursed -2 quarterstaff
              (5 damage)
             ... on level 7 of the Dungeon.
             The game lasted 00:17:18 (3414 turns).

DocSulfur the Changer (Merfolk Transmuter)          Turns: 3414, Time: 00:17:19

Health: -3/37      AC:  3    Str: 11    XL:     5   Next: 59%
Magic:  9/10       EV: 13    Int: 12    God:
Gold:   247        SH:  0    Dex: 15    Spells: 7/10 levels left

rFire    . . .     SeeInvis +     - Unarmed
rCold    . . .     Faith    .   (no shield)
rNeg     . . .     Spirit   .   a - +0 robe
rPois    .         Reflect  .   (helmet currently unavailable)
rElec    .         Harm     .   o - +0 cloak
rCorr    .         Rampage  .   (no gloves)
Will     .....                  (boots currently unavailable)
Stlth    +.........             (no amulet)
HPRegen  0.12/turn              u - ring of see invisible
MPRegen  0.12/turn              (no ring)

@: appendages (expiring)
A: change form in water, swift swim, stealthy swim, horns 2
a: End Transformation


You were on level 7 of the Dungeon.
You had grown temporary horns.
You visited 1 branch of the dungeon, and saw 5 of its levels.

You collected 247 gold pieces.

Inventory:

Missiles
 d - 11 poisoned darts
 e - 135 stones
 p - 4 silver javelins
Armour
 a - a +0 robe (worn)
 o - a +0 cloak (worn)
Magical Staves
 t - an uncursed staff of conjuration
Jewellery
 u - a ring of see invisible (left hand)
Wands
 n - a wand of acid (6)
 s - a wand of flame (11)
Scrolls
 b - 3 scrolls of fear
 c - 2 scrolls of remove curse
 i - 2 scrolls of teleportation {unknown}
 j - a scroll of immolation {unknown}
 k - a scroll of fog {unknown}
 v - a scroll of amnesia {unknown}
Potions
 f - 2 potions of attraction
 g - a potion of magic
 h - a potion of flight {unknown}
 l - a potion of curing {unknown}
 m - a potion of mutation {unknown}
 q - a potion of haste {unknown}
 r - a potion of might {unknown}
 w - a potion of cancellation {unknown}


   Skills:
 - Level 1.1 Fighting
 - Level 2.6 Dodging
 + Level 4.6 Unarmed Combat
 + Level 3.3 Spellcasting
 + Level 4.8 Transmutations


You had 7 spell levels left.
You knew the following spells:

 Your Spells              Type           Power        Failure   Level
a - Beastly Appendage     Tmut           26%          3%          1
b - Wereblood             Tmut           13%          4%          2

Your spell library contained the following spells:

 Spells                   Type           Power        Failure   Level
 Spider Form              Tmut/Pois      3%           26%         3
 Ice Form                 Ice/Tmut       7%           65%         4
 Blade Hands              Tmut           6%           65%         5


Dungeon Overview and Level Annotations

Branches:
Dungeon (4/15)
 Temple: D:4-7

Altars:

Annotations:
D:7 Joseph


Innate Abilities, Weirdness & Mutations

You revert to your normal form in water.
You are very nimble and swift while swimming.
You are very stealthy in the water. (Stealth+)
You have a pair of horns on your head.


Message History

Joseph hits you with a cursed -2 quarterstaff!
* * * LOW HITPOINT WARNING * * *
Okay, then.
Unknown command.
You hit Joseph.
Joseph is almost dead.
You hit Joseph.
Joseph is almost dead.
Joseph barely misses you.
You hit Joseph.
Joseph is almost dead.
Joseph hits you but does no damage.
You hit Joseph. You headbutt Joseph.
Joseph is almost dead.
Your transformation is almost over.
Joseph misses you.
You hit Joseph. You punch Joseph.
Joseph is almost dead.
Joseph hits you with a cursed -2 quarterstaff.
You die...

(.. ..# ..# ..# ..#
### ..#
#.##########..#
#..........@@.#
#.########.#.......
#.# #.##.#.### #.#
#.. .# .. #?# ####
# # #.....B..
....Y....
#..#.#.... #..#.#
#..


You could see Joseph (corroded).

Vanquished Creatures
  Jessica (D:2)
  A worker ant (D:7)
  3 gnolls (D:3)
  2 adders
  2 oozes (D:2)
  An adder skeleton (D:4)
  3 worms
  4 dart slugs
  2 orcs (D:3)
  A ball python (D:2)
  5 bats
  2 giant cockroaches
  5 goblins
  3 hobgoblins (D:1)
  8 jackals
  2 kobolds
  3 quokkas
  3 frilled lizards
  6 rats
57 creatures vanquished.

Vanquished Creatures (others)
  5 plants (D:2)
5 creatures vanquished.

Grand Total: 62 creatures vanquished

Notes
Turn   | Place    | Note
-------+----------+-------------------------------------------
     0 | D:1      | DocSulfur the Merfolk Transmuter began the quest for the
                  | Orb.
     0 | D:1      | Reached XP level 1. HP: 15/15 MP: 3/3
   172 | D:1      | Reached XP level 2. HP: 21/21 MP: 3/5
   177 | D:1      | Learned a level 2 spell: Wereblood
  1016 | D:2      | Noticed Jessica
  1018 | D:2      | Killed Jessica
  1019 | D:2      | Reached XP level 3. HP: 26/26 MP: 4/6
  1062 | D:2      | Found a faded altar of an unknown god.
  1183 | D:2      | Reached XP level 4. HP: 32/32 MP: 6/8
  2354 | D:3      | Reached XP level 5. HP: 22/37 MP: 6/9
  3355 | D:4      | You fall into a shaft and drop 3 floors!
  3364 | D:7      | Noticed a sky beast
  3399 | D:7      | Noticed Joseph
  3409 | D:7      | HP: 1/37 [Joseph/cursed -2 quarterstaff (9)]
  3414 | D:7      | Slain by Joseph

Illustrated notes

Levels and vault maps discovered:
D:1:      onia_arrival_mini_maze, layout_loops_ring
D:2:      layout_loops_ring, chequers_ecumenical_altar_lobes,
          minmay_misc_feat_roman, uniq_jessica
D:3:      layout_loops_ring
D:4:      layout_gridville
D:7:      layout_basic, chequers_temple_overflow_statue_of_worship, uniq_joseph

Skill      XL: |  1  2  3  4 |
---------------+-------------+-----
Transmutations | 3 4 |  4.8
Unarmed Combat | 4 |  4.6
Spellcasting   | 3 |  3.3
Fighting       | |  1.1
Dodging        | |  2.6

Action                   |  1- 3 |  4- 6 || total
-------------------------+-------+-------++-------
Melee: Unarmed           |    58 |   114 ||   172
       Headbutt          |     9 |    17 ||    26
       Punch             |       |     3 ||     3
 Cast: Beastly Appendage |    17 |    22 ||    39
       Wereblood         |       |     4 ||     4
Evoke: Wand              |       |     4 ||     4
  Use: Scroll            |       |     5 ||     5
 Stab: Sleeping          |     1 |     1 ||     2
       Distracted        |     1 |       ||     1
Armor: Robe              |    11 |    16 ||    27
Dodge: Dodged            |    36 |    75 ||   111

Table legend: (Time is in decaauts)
 A = Elapsed time spent in this place.
 B = Non-inter-level travel time spent in this place.
 C = Inter-level travel time spent in this place.
 D = Time resting spent in this place.
 E = Time spent auto-exploring this place.
 F = Levels seen in this place.
 G = Mean time per level.
                   A        B        C        D        E       F      G
               +--------+--------+--------+--------+--------+-----+--------+
         Total |   3399 |   3321 |     78 |    198 |   1778 |   5 |  679.8 |
       Dungeon |   3399 |   3321 |     78 |    198 |   1778 |   5 |  679.8 |
               +--------+--------+--------+--------+--------+-----+--------+

Top non-repeatable levels by time:
     D:3: 1174 daAuts
     D:1: 1006 daAuts
     D:2: 955 daAuts
     D:4: 205 daAuts
     D:7: 57 daAuts
